 Dungeon Crawl Stone Soup version 0.25-a0-164-gb55e97dba5 (webtiles) character file.

Game seed: 2287657320699782943, levelgen mode: deterministic

1610 Lanoc the Archer (level 8, -5/96 HPs)
             Began as a Gnoll Hunter on Nov 23, 2019.
             Was a Believer of Okawaru.
             Slain by Pikel the harpy (10 damage)
             ... on level 7 of the Dungeon.
             The game lasted 00:11:32 (5289 turns).

Lanoc the Archer (Gnoll Hunter)                     Turns: 5289, Time: 00:11:33

Health: -5/96      AC: 24    Str: 15    XL:     8   Next: 95%
Magic:  12/13      EV:  2    Int: 14    God:    Okawaru [**....]
Gold:   270        SH:  0    Dex: 21    Spells: 14/14 levels left

rFire    . . .     SeeInvis .   a - +1 shortbow
rCold    . . .     Gourm    .   (shield currently unavailable)
rNeg     + + +     Faith    .   (armour currently unavailable)
rPois    +         Spirit   .   (helmet currently unavailable)
rElec    .         Reflect  .   (cloak currently unavailable)
rCorr    .         Harm     .   (gloves currently unavailable)
MR       .....     NoTele   +   (boots currently unavailable)
Stlth    +++++.....             (no amulet)
HPRegen  0.26/turn              m - +4 ring of dexterity
MPRegen  0.13/turn              (no ring)

@: tree-form, heroism, very slightly contaminated, invisible
A: distributed training, strong nose
a: Heroism, Renounce Religion


You were on level 7 of the Dungeon.
You worshipped Okawaru.
Okawaru was pleased with you.
You were near starving.
You were a tree.
You visited 1 branch of the dungeon, and saw 6 of its levels.

You collected 390 gold pieces.
You spent 120 gold pieces at shops.

Inventory:

Hand Weapons
 a - a +1 shortbow (weapon)
 b - a +0 short sword
 k - a +0 hunting sling
Missiles
 d - 32 arrows (quivered)
 j - 14 bolts
 l - 159 stones
 r - 23 sling bullets
Armour
 c - a +0 leather armour (melded)
 g - a cursed +0 cloak (melded)
 i - a +0 plate armour
 p - a +0 shield
Jewellery
 m - a +4 ring of dexterity (left branch)
Wands
 y - a wand of polymorph (3)
Scrolls
 e - a scroll of magic mapping {unknown}
 h - 7 scrolls of remove curse {unknown}
 n - a scroll of teleportation
 o - 2 scrolls of immolation {unknown}
 q - a scroll of fog
 t - a scroll of enchant weapon
 v - 4 scrolls of noise {unknown}
 w - 2 scrolls of enchant armour {unknown}
 A - a scroll of identify
Potions
 C - a potion of cancellation
 D - 2 potions of mutation
Comestibles
 f - 3 rations


   Skills:
 + Level 5.9(10.9) Fighting
 + Level 3.6(8.6) Short Blades
 + Level 3.6(8.6) Long Blades
 + Level 3.6(8.6) Axes
 + Level 3.6(8.6) Maces & Flails
 + Level 3.6(8.6) Polearms
 + Level 3.6(8.6) Staves
 + Level 3.6(8.6) Slings
 + Level 9.3(14.3) Bows
 + Level 3.6(8.6) Crossbows
 + Level 3.6(8.6) Throwing
 + Level 3.6(8.6) Armour
 + Level 5.9(10.9) Dodging
 + Level 4.4(9.4) Stealth
 + Level 3.6(8.6) Shields
 + Level 3.6(8.6) Unarmed Combat
 + Level 3.6 Spellcasting
 + Level 3.0 Conjurations
 + Level 3.0 Hexes
 + Level 3.0 Charms
 + Level 3.0 Summonings
 + Level 3.0 Necromancy
 + Level 3.0 Translocations
 + Level 3.0 Transmutations
 + Level 3.0 Fire Magic
 + Level 3.0 Ice Magic
 + Level 3.0 Air Magic
 + Level 3.0 Earth Magic
 + Level 3.0 Poison Magic
 + Level 4.0 Invocations
 + Level 3.6 Evocations


You had 14 spell levels left.
You didn't know any spells.
Your spell library was empty.

Dungeon Overview and Level Annotations

Branches:
Dungeon (7/15)
 Temple: D:4-7

Altars:
Fedhas
Okawaru
Qazlal
The Shining One

Shops:
D:5 [   D:6 *

Annotations:
D:7 Pikel


Innate Abilities, Weirdness & Mutations

Your experience applies equally to all skills.
((You have very sharp teeth.))
Your uncanny sense of smell can sniff out nearby items.


Message History

Pikel claws you but does no damage. x2; The slave hits you.
* * * LOW HITPOINT WARNING * * *
Firing (i - inventory. (/) - cycle)
d - 35 arrows (quivered)
Press: ? - help, Shift-Dir - straight line, f/p - Pikel
Aim: Pikel the harpy (almost dead)
You shoot an arrow.
The arrow hits Pikel but does no damage.
Pikel is almost dead.
Pikel claws you but does no damage. x2
Firing (i - inventory. (/) - cycle)
d - 34 arrows (quivered)
Press: ? - help, Shift-Dir - straight line, f/p - Pikel
Aim: Pikel the harpy (almost dead)
You shoot an arrow. The arrow closely misses Pikel.
Pikel claws you.
* * * LOW HITPOINT WARNING * * *
Pikel claws you but does no damage. The slave hits you but does no damage.
Firing (i - inventory. (/) - cycle)
d - 33 arrows (quivered)
Press: ? - help, Shift-Dir - straight line, f/p - Pikel
Aim: Pikel the harpy (severely wounded)
You shoot an arrow. The arrow closely misses Pikel.
Pikel claws you!
You die...

########
##....♣.##
##.<..p)H.##
#......(...#
#.....(.(.(#
#......(...#
#..<.......#
#.........(#
#....(..(..##
#...........#


You could see Pikel the harpy and a slave.

Vanquished Creatures
  A troll (D:6)
  A hungry ghost (D:7)
  3 slaves (D:7)
  A phantom (D:5)
  A sky beast (D:6)
  An ogre (D:6)
  2 centaurs (D:5)
  A big kobold (D:5)
  A bullfrog (D:6)
  A water moccasin skeleton (D:6)
  2 crimson imps (D:6)
  3 hounds
  2 jellies (D:5)
  A bullfrog zombie (D:6)
  A bullfrog skeleton (D:5)
  A centaur skeleton (D:6)
  2 orc wizards (D:6)
  An iguana (D:5)
  2 worker ants
  2 hound skeletons
  7 gnolls (D:3)
  3 adders
  A shadow imp (D:5)
  2 worms
  A dart slug (D:2)
  2 leopard geckos (D:2)
  5 orcs
  5 bats
  A giant cockroach (D:2)
  12 goblins
  8 hobgoblins
  7 jackals
  13 kobolds
  4 quokkas
  A ball python (D:1)
  6 frilled lizards
  A quokka zombie (D:5)
  3 rats
112 creatures vanquished.

Notes
Turn   | Place    | Note
-------+----------+-------------------------------------------
     0 | D:1      | Lanoc the Gnoll Hunter began the quest for the Orb.
     0 | D:1      | Reached XP level 1. HP: 20/20 MP: 1/1
   103 | D:1      | Reached XP level 2. HP: 26/26 MP: 2/2
   612 | D:1      | Reached XP level 3. HP: 31/31 MP: 3/3
   874 | D:2      | Found a stormy altar of Qazlal.
   936 | D:2      | Reached skill level 1 in Invocations
  1032 | D:2      | Reached skill level 1 in Short Blades
  1032 | D:2      | Reached skill level 1 in Long Blades
  1032 | D:2      | Reached skill level 1 in Axes
  1032 | D:2      | Reached skill level 1 in Maces & Flails
  1032 | D:2      | Reached skill level 1 in Polearms
  1032 | D:2      | Reached skill level 1 in Staves
  1032 | D:2      | Reached skill level 1 in Slings
  1032 | D:2      | Reached skill level 1 in Crossbows
  1032 | D:2      | Reached skill level 1 in Throwing
  1032 | D:2      | Reached skill level 1 in Armour
  1032 | D:2      | Reached skill level 1 in Shields
  1032 | D:2      | Reached skill level 1 in Unarmed Combat
  1032 | D:2      | Reached skill level 1 in Spellcasting
  1032 | D:2      | Reached skill level 1 in Evocations
  1182 | D:3      | Reached XP level 4. HP: 38/38 MP: 5/5
  1288 | D:3      | Reached skill level 1 in Conjurations
  1288 | D:3      | Reached skill level 1 in Hexes
  1288 | D:3      | Reached skill level 1 in Charms
  1288 | D:3      | Reached skill level 1 in Summonings
  1288 | D:3      | Reached skill level 1 in Necromancy
  1288 | D:3      | Reached skill level 1 in Translocations
  1288 | D:3      | Reached skill level 1 in Transmutations
  1288 | D:3      | Reached skill level 1 in Fire Magic
  1288 | D:3      | Reached skill level 1 in Ice Magic
  1288 | D:3      | Reached skill level 1 in Air Magic
  1288 | D:3      | Reached skill level 1 in Earth Magic
  1288 | D:3      | Reached skill level 1 in Poison Magic
  1295 | D:3      | Reached XP level 5. HP: 5/43 MP: 6/6
  1547 | D:3      | Found a glowing golden altar of the Shining One.
  1742 | D:3      | Found an iron altar of Okawaru.
  1745 | D:3      | Became a worshipper of Warmaster Okawaru
  1895 | D:3      | You fall into a shaft and drop 3 floors!
  1896 | D:6      | Noticed a sky beast
  1916 | D:6      | Reached XP level 6. HP: 20/50 MP: 8/8
  2040 | D:6      | Reached skill level 5 in Fighting
  2040 | D:6      | Reached skill level 5 in Dodging
  2140 | D:6      | Killed a sky beast
  2140 | D:6      | Reached * piety under Okawaru
  2208 | D:6      | Reached XP level 7. HP: 56/56 MP: 10/10
  2372 | D:6      | Found Jazuz's Assorted Antiques.
  2375 | D:6      | Noticed a troll
  2518 | D:5      | Entered Level 5 of the Dungeon
  3098 | D:5      | Found a blossoming altar of Fedhas.
  3106 | D:5      | Reached skill level 9 in Bows
  3473 | D:5      | Reached ** piety under Okawaru
  3473 | D:5      | Reached XP level 8. HP: 34/63 MP: 12/12
  3653 | D:5      | Found Myigg's Armour Shoppe.
  4275 | D:6      | Killed a troll
  4323 | D:6      | Bought a grey potion for 29 gold pieces
  4323 | D:6      | Bought a brown potion for 29 gold pieces
  4323 | D:6      | Bought a scroll labeled DIFOAGEWILO for 33 gold pieces
  4323 | D:6      | Bought a lumpy blue potion for 29 gold pieces
  5247 | D:7      | Noticed Pikel
  5273 | D:7      | Noticed Pikel
  5273 | D:7      | Pikel changed into Pikel the queen bee
  5275 | D:7      | Noticed Pikel
  5275 | D:7      | Pikel the queen bee changed into Pikel the harpy
  5288 | D:7      | HP: 4/96 [Pikel the harpy (6)]
  5289 | D:7      | Slain by Pikel the harpy

Levels and vault maps discovered:
D:1:      matt_arrival_diagonals, layout_basic
D:2:      layout_rooms, nicolae_qazlal_general_emergency
D:3:      layout_basic, gammafunk_temple_overflow_forgotten,
          overflow_temple_1_default
D:5:      minmay_angry_zag, layout_basic, basic_altar, serial_shops,
          kennysheep_mini
D:6:      layout_layer_cave, serial_shops, nicolae_shop_overgrown_old_shop
D:7:      layout_rooms, minmay_temple_entry_hall, the_bakery, uniq_joseph,
          uniq_pikel

Skill      XL: |  1  2  3  4  5  6  7  8 |
---------------+-------------------------+-----
Invocations    | 1 2 3 4 |  4.0
Short Blades   | 1 2 3 |  3.6
Long Blades    | 1 2 3 |  3.6
Axes           | 1 2 3 |  3.6
Maces & Flails | 1 2 3 |  3.6
Polearms       | 1 2 3 |  3.6
Staves         | 1 2 3 |  3.6
Slings         | 1 2 3 |  3.6
Crossbows      | 1 2 3 |  3.6
Throwing       | 1 2 3 |  3.6
Armour         | 1 2 3 |  3.6
Shields        | 1 2 3 |  3.6
Unarmed Combat | 1 2 3 |  3.6
Spellcasting   | 1 2 3 |  3.6
Evocations     | 1 2 3 |  3.6
Conjurations   | 1 2 3 |  3.0
Hexes          | 1 2 3 |  3.0
Charms         | 1 2 3 |  3.0
Summonings     | 1 2 3 |  3.0
Necromancy     | 1 2 3 |  3.0
Translocations | 1 2 3 |  3.0
Transmutations | 1 2 3 |  3.0
Fire Magic     | 1 2 3 |  3.0
Ice Magic      | 1 2 3 |  3.0
Air Magic      | 1 2 3 |  3.0
Earth Magic    | 1 2 3 |  3.0
Poison Magic   | 1 2 3 |  3.0
Stealth        | 3 4 |  4.4
Fighting       | 5 |  5.9
Dodging        | 5 |  5.9
Bows           | 9 |  9.3

Action                   |  1- 3 |  4- 6 |  7- 9 || total
-------------------------+-------+-------+-------++-------
 Fire: Shortbow          |    21 |    70 |   163 ||   254
       Hunting sling     |    90 |    63 |   151 ||   304
Throw: Throwing net      |       |       |     1 ||     1
Invok: Heroism           |       |       |     1 ||     1
Evoke: Wand              |       |       |     3 ||     3
  Use: Potion            |       |       |     5 ||     5
       Scroll            |       |       |     8 ||     8
  Eat: Chunk             |       |     3 |     4 ||     7
       Ration            |       |       |     2 ||     2
Armor: Leather armour    |     2 |     6 |    23 ||    31
       Skin              |       |       |    29 ||    29
Dodge: Dodged            |    18 |    47 |   124 ||   189

Table legend:
 A = Non-vault XP
 B = Vault XP
 C = Vault XP percentage of total XP
 D = Non-vault monster count
 E = Vault monster count
 F = Vault count percentage of total count
                 A         B        C        D         E       F
            +---------+---------+-------+---------+---------+-------
      Total |    2285 |      15 |   0.7 |     107 |       2 |   1.8
            +---------+---------+-------+---------+---------+-------
        D:1 |      34 |       0 |   0.0 |      21 |       0 |   0.0
        D:2 |      47 |       0 |   0.0 |      23 |       0 |   0.0
        D:3 |     163 |       0 |   0.0 |      21 |       0 |   0.0
        D:5 |     751 |      15 |   2.0 |      23 |       2 |   8.0
        D:6 |    1095 |       0 |   0.0 |      18 |       0 |   0.0
        D:7 |     195 |       0 |   0.0 |       1 |       0 |   0.0
            +---------+---------+-------+---------+---------+-------
